 Dungeon Crawl Stone Soup version 0.23-a0-241-g3b46b07 (webtiles) character file.

98713 galech the Blocker (level 15, -4/120 HPs)
             Began as a Demonspawn Fighter on Sept 27, 2018.
             Was the Champion of Okawaru.
             Slain by a white very ugly thing (41 damage)
             ... while paralysed by a great orb of eyes
             ... on level 1 of the Depths.
             The game lasted 00:45:06 (27893 turns).

galech the Blocker (Demonspawn Fighter)            Turns: 27893, Time: 00:45:07

Health: -4/120     AC: 32    Str: 25    XL:     15   Next: 75%
Magic:  0/36       EV:  2    Int: 11    God:    Okawaru [******]
Gold:   2171       SH:  0    Dex: 23    Spells: 14/14 levels left

rFire    . . .     SeeInvis +   y - +6 dagger "Pifur" {elec, rPois Str-3 Dex+4}
rCold    . . .     Gourm    .   X - +0 buckler of Decompression {Str+9}
rNeg     . . .     Faith    .   s - +7 plate armour {ponderous}
rPois    +         Spirit   +   m - +2 helmet {SInv}
rElec    .         Reflect  .   U - +0 cloak {+Inv}
rCorr    .         Harm     .   (no gloves)
MR       +....                  w - +0 pair of boots
Stlth    ..........             B - amulet of magic regeneration
HPRegen  0.30/turn              L - ring of magical power
MPRegen  0.75/turn              z - ring of magical power

@: paralysed, slow
A: claws 2, thin metallic scales 2, agile 1, blink, powered by death 1, strong
1, wild magic 1, magic shield, magic regeneration
a: Blink, Heroism, Finesse, Renounce Religion, Evoke Invisibility


You were on level 1 of the Depths.
You worshipped Okawaru.
Okawaru was exalted by your worship.
You were very hungry.

You visited 5 branches of the dungeon, and saw 25 of its levels.
You also visited: Sewer.

You collected 2288 gold pieces.
You spent 117 gold pieces at shops.

Inventory:

Hand Weapons
 b - a +4 executioner's axe of electrocution
 o - a +4 hand axe
 y - the +6 dagger "Pifur" (weapon) {elec, rPois Str-3 Dex+4}
   (You found it on level 6 of the Dungeon)

   Occasionally, upon striking a foe, it will discharge some electrical energy
   and cause terrible harm.
   It affects your strength (-3).
   It affects your dexterity (+4).
   It protects you from poison.
 A - the +1 rapier of Destruction {freeze, +Fly rC+ Int+3}
   (Okawaru gifted it to you on level 14 of the Dungeon)

   It has been specially enchanted to freeze those struck by it, causing extra
   injury to most foes and up to half again as much damage against particularly
   susceptible opponents.
   It can also slow down cold-blooded creatures.
   It affects your intelligence (+3).
   It protects you from cold.
   It lets you fly.
Armour
 c - the +6 chain mail of Good Intentions {-Tele Int+4 Stlth+}
   (You found it on level 2 of the Lair of Beasts)

   It affects your intelligence (+4).
   It prevents most forms of teleportation.
   It makes you more stealthy.
 m - a +2 helmet of see invisible (worn)
 s - a +7 plate armour of ponderousness (worn)
 w - a +0 pair of boots (worn)
 x - a +3 scale mail of cold resistance
 U - a +0 cloak of invisibility (worn)
 X - the +0 buckler of Decompression (worn) {Str+9}
   (You found it on level 2 of the Lair of Beasts)

   It affects your strength (+9).
Jewellery
 e - an uncursed ring of fire {unknown}
 u - an uncursed ring of poison resistance
 z - a ring of magical power (right claw)
 B - an amulet of magic regeneration (around neck)
 E - a +3 ring of evasion {unknown}
 L - a ring of magical power (left claw)
 R - an uncursed ring of stealth
 S - an uncursed ring of resist corrosion {unknown}
 Y - an uncursed ring of protection from fire {unknown}
Wands
 a - a wand of enslavement (19)
 n - a wand of iceblast (30)
 N - a wand of digging (38)
Scrolls
 g - 10 scrolls of teleportation
 p - 3 scrolls of fog
 q - 7 scrolls of magic mapping
 r - a scroll of blinking
 t - 5 scrolls of fear
 v - 4 scrolls of identify
 F - a scroll of summoning
 G - 6 scrolls of enchant weapon
 J - 5 scrolls of enchant armour
 P - 3 scrolls of remove curse
 V - 4 scrolls of amnesia
Potions
 d - 3 potions of might
 h - 7 potions of curing
 i - a potion of magic
 j - a potion of agility
 k - 4 potions of lignification {unknown}
 l - 6 potions of mutation
 C - 3 potions of haste
 D - a potion of cancellation
 K - a potion of flight
 M - a potion of degeneration {unknown}
 O - 3 potions of resistance
Miscellaneous
 I - a lightning rod (4/4)
Comestibles
 f - 51 rations


   Skills:
 + Level 11.7 Fighting
 + Level 11.1 Short Blades
 + Level 6.9 Axes
 + Level 13.0 Armour
 + Level 5.9 Dodging
 + Level 1.5 Stealth
 + Level 14.5 Shields
 + Level 4.3 Invocations


You had 14 spell levels left.
You didn't know any spells.
Your spell library contained the following spells:

 Spells                   Type           Power        Failure   Level  Hunger
 Animate Skeleton         Necr           N/A          98%         1    ##.....
 Apportation              Tloc           #.....       98%         1    ##.....
 Beastly Appendage        Tmut           #.....       98%         1    ##.....
 Confusing Touch          Hex            #.....       98%         1    ##.....
 Corona                   Hex            #......      98%         1    ##.....
 Flame Tongue             Conj/Fire      #....        98%         1    ##.....
 Freeze                   Ice            #...         98%         1    ##.....
 Magic Dart               Conj           #...         98%         1    ##.....
 Summon Small Mammal      Summ           #...         98%         1    ##.....
 Blink                    Tloc           N/A          99%         2    ###....
 Call Imp                 Summ           #.......     99%         2    ###....
 Ensorcelled Hibernation  Hex/Ice        #.....       99%         2    ###....
 Slow                     Hex            #.......     99%         2    ###....
 Sticks to Snakes         Tmut           #.......     99%         2    ###....
 Throw Flame              Conj/Fire      #.....       99%         2    ###....
 Throw Frost              Conj/Ice       #.....       99%         2    ###....
 Confuse                  Hex            #.......     100%        3    ####...
 Conjure Flame            Conj/Fire      #.......     100%        3    ####...
 Dazzling Spray           Conj/Hex       #.....       100%        3    ####...
 Ignite Poison            Fire/Tmut/Pois #.......     100%        3    ####...
 Inner Flame              Hex/Fire       #.......     100%        3    ####...
 Mephitic Cloud           Conj/Pois/Air  #.......     100%        3    ####...
 Ozocubu's Armour         Chrm/Ice       #.......     100%        3    ####...
 Spider Form              Tmut/Pois      #.........   100%        3    ####...
 Tukima's Dance           Hex            #.......     100%        3    ####...
 Ice Form                 Ice/Tmut       #.......     100%        4    #####..
 Sticky Flame             Conj/Fire      #.......     100%        4    #####..
 Summon Ice Beast         Ice/Summ       #.......     100%        4    #####..
 Throw Icicle             Conj/Ice       #.......     100%        4    #####..
 Blade Hands              Tmut           #.........   100%        5    ######.
 Fireball                 Conj/Fire      #.........   100%        5    ######.
 Bolt of Fire             Conj/Fire      #.........   100%        6    #######
 Ring of Flames           Chrm/Fire      #.........   100%        7    #######
 Ignition                 Fire           #.........   100%        8    #######


Dungeon Overview and Level Annotations

Branches:
Dungeon (15/15)            Temple (1/1) D:7            Lair (6/6) D:8
 Shoals (0/4) Lair:2       Spider (0/4) Lair:3        Slime (0/5) Lair:5
    Orc (2/2) D:12            Elf (0/3) Orc:2        Vaults (0/5) D:14
 Depths (1/5) D:15

Altars:
Dithmenos
Fedhas
Gozag
Hepliaklqana
Kikubaaqudgha
Makhleb
Nemelex Xobeh
Okawaru
Ru
Sif Muna
Uskayaw
Vehumet
Wu Jian
Xom
Yredelemnul
Zin
Beogh
Jiyva

Shops:
D:6 *   D:15 [   Orc:2 %**%

Annotations:
D:2 1 runed door
D:8 3 runed doors, MisterFreud's ghost, novice NaFE
Lair:5 exclusion: 5 oklob plants


Innate Abilities, Weirdness & Mutations

You have very sharp fingernails.
You are mostly covered in thin metallic scales. (AC +3)
You regenerate a little health from kills.
When hurt, damage is shared between your health and your magic reserves.
You regenerate magic rapidly.
You are agile. (Dex +2)
You can translocate small distances at will.
Your muscles are strong. (Str +2)
Your spells are a little harder to cast, but a little more powerful.


Message History

There is a staircase back to the Dungeon, spattered with blood here.
The great orb of eyes turns its gaze towards you.
The ettin barely misses you. x2
The great orb of eyes gazes at you.
You suddenly lose the ability to move!
The fire dragon bites you but does no damage.
The fire dragon claws you but does no damage.
The fire dragon tramples you but does no damage.
The ettin hits you with a dire flail!! The ettin hits you but does no damage.
The fire dragon bites you. The fire dragon claws you.
The fire dragon tramples you but does no damage.
The white very ugly thing kicks you.
The white very ugly thing freezes you!!!
The fire dragon bites you but does no damage.
The fire dragon claws you but does no damage.
The fire dragon tramples you but does no damage.
The ettin hits you with a dire flail!! The ettin hits you but does no damage.
The white very ugly thing kicks you.
The white very ugly thing freezes you!!!
You die...

.................#
.................#
####................#
.#..#^..... ......G.#
#...#....##+##.......#
.............#.......#
...#.....#...........#
..##.....##..........#####
.##..#.#..##.#..@D.......#
....##.##....##.uC.......#
R#.##...##.#..##u........#
##.........##.CC...##....#
#..#.....#..##.#....# ...#
..##.....##..[.##...# ..#
.##..#.#..##.#..##..# ##
.C..##.##....##.....#
...##... #.... #....#


You could see 2 very ugly things, a fire dragon, a great orb of eyes and 2
ettins.

Vanquished Creatures
  Rupert (Lair:6)
  Gastronok (Lair:3)
  A tengu reaver (Depths:1)
  Agnes (D:15)
  A fire giant (D:15)
  An ettin (D:15)
  An ice dragon (Depths:1)
  4 hydras
  Harold (D:7)
  4 centaur warriors
  2 catoblepae
  A death knight (D:14)
  8 two-headed ogres
  2 tengu warriors
  2 ogre magi
  3 orc high priests (Orc:2)
  Sonja (Lair:5)
  A deep elf knight (D:14)
  6 unseen horrors
  A wizard (D:15)
  A skeletal warrior (D:14)
  8 orc knights
  5 lindwurms
  A necromancer (D:15)
  5 deep elf magi
  A manticore (D:13)
  5 orc sorcerers
  An oklob plant (Lair:4)
  6 cyclopes
  4 elephants (Lair:5)
  2 ugly things
  2 centaur zombies
  A black mamba (Lair:5)
  A gargoyle (D:10)
  8 spiny frogs
  2 kobold demonologists (D:15)
  3 rime drakes
  An efreet (D:14)
  6 komodo dragons
  A freezing wraith (D:14)
  3 tengu conjurers
  A harpy zombie (D:15)
  3 meliai (D:13)
  8 trolls
  A wind drake (shapeshifter) (D:15)
  5 polar bears
  A hornet (shapeshifter) (D:14)
  3 hornets (Lair:6)
  Grinder (D:4)
  9 blink frogs
  5 hippogriffs
  Sigmund (D:4)
  A dream sheep (Lair:6)
  2 shadows
  A tarantella (Lair:3)
  2 wraiths
  12 spriggans
  50 yaks
  4 hungry ghosts
  3 wyverns
  A basilisk (D:14)
  2 steam dragons
  2 vampire mosquitoes (D:15)
  2 wargs (Orc:1)
  2 acid dragons
  9 water moccasins
  Duvessa (D:7)
  26 orc warriors
  5 ice beasts
  11 porcupines
  A hornet zombie (D:15)
  16 ogres
  8 black bears
  16 centaurs
  A necrophage (D:12)
  4 phantoms
  53 wolves
  14 boggarts
  11 crocodiles
  4 big kobolds
  12 bullfrogs
  Blork the orc (D:6)
  A gnoll sergeant (D:8)
  Dowan (D:7)
  A water moccasin zombie (D:8)
  A wyvern zombie (D:8)
  2 wyvern skeletons
  6 scorpions
  13 wights
  3 killer bees (D:12)
  3 howler monkeys
  3 electric eels
  6 crimson imps
  6 hounds
  4 bullfrog zombies
  20 orc priests
  15 centaur skeletons
  4 jellies
  Natasha (thrice) (D:4)
  A bullfrog skeleton (D:13)
  2 iguanas
  14 worker ants
  31 orc wizards
  2 killer bee zombies
  A hound zombie (D:7)
  2 worker ant zombies
  A howler monkey zombie (D:9)
  7 gnolls
  17 adders
  3 river rats (Sewer)
  2 shadow imps
  2 adder skeletons
  An adder zombie (D:8)
  4 worms
  A dart slug (D:1)
  2 leopard geckos
  99 orcs
  2 ball pythons
  5 giant cockroaches
  5 goblins
  8 hobgoblins
  12 jackals
  28 kobolds
  4 quokkas
  13 bats
  A frilled lizard (D:2)
  A goblin skeleton (D:2)
  A jackal zombie (D:6)
  A leopard gecko zombie (D:6)
  A quokka skeleton (D:5)
  11 rats
  A bush (Lair:2)
  2 plants (Lair:2)
805 creatures vanquished.

Vanquished Creatures (others)
  A boggart (D:15)
  An orc wizard (D:13)
  2 orcs (D:13)
  2 bushes (Lair:2)
  A fire vortex (Lair:5)
  54 fungi
  28 plants
89 creatures vanquished.

Grand Total: 894 creatures vanquished

Notes
Turn   | Place    | Note
-------+----------+-------------------------------------------
     0 | D:1      | galech the Demonspawn Fighter began the quest for the Orb.
     0 | D:1      | Reached XP level 1. HP: 18/18 MP: 1/1
   245 | D:1      | Gained mutation: You are partially covered in thin metallic
                  | scales. (AC +2) [demonic ancestry]
   245 | D:1      | Reached XP level 2. HP: 19/24 MP: 2/2
   441 | D:1      | Reached skill level 3 in Shields
   746 | D:2      | Reached XP level 3. HP: 29/29 MP: 3/3
  1041 | D:2      | Found a runed door.
  1042 | D:2      | Noticed a human
  1045 | D:2      | Found a basalt altar of Yredelemnul.
  1239 | D:2      | Gained mutation: You have sharp fingernails. [demonic
                  | ancestry]
  1239 | D:2      | Reached XP level 4. HP: 28/35 MP: 4/4
  1693 | D:2      | Reached skill level 1 in Dodging
  1693 | D:2      | Reached XP level 5. HP: 22/41 MP: 5/5
  2459 | D:3      | Gained mutation: When hurt, damage is shared between your
                  | health and your magic reserves. [demonic ancestry]
  2459 | D:3      | Reached XP level 6. HP: 43/48 MP: 6/6
  2512 | D:3      | Found a glowing drain.
  2536 | Sewer    | Entered a sewer
  2930 | Sewer    | Reached skill level 4 in Shields
  3264 | Sewer    | Gained mutation: You can translocate small distances at
                  | will. [potion of mutation]
  3264 | Sewer    | Gained mutation: Your spells are a little harder to cast,
                  | but a little more powerful. [potion of mutation]
  3264 | Sewer    | Gained mutation: Your muscles are strong. (Str +2) [potion
                  | of mutation]
  3264 | Sewer    | Gained mutation: You are agile. (Dex +2) [potion of
                  | mutation]
  3409 | D:3      | Reached XP level 7. HP: 35/54 MP: 5/7
  3543 | D:3      | Found a faded altar of an unknown god.
  3726 | D:4      | Noticed Grinder
  3727 | D:4      | Paralysed by Grinder for 7 turns
  3737 | D:4      | Paralysed by Grinder for 6 turns
  3757 | D:4      | Paralysed by Grinder for 6 turns
  3766 | D:4      | Paralysed by Grinder for 7 turns
  4011 | D:4      | Noticed Natasha
  4023 | D:4      | Killed Natasha
  4127 | D:4      | Killed Grinder
  4230 | D:4      | Noticed Sigmund
  4259 | D:4      | Killed Sigmund
  4259 | D:4      | Reached skill level 5 in Axes
  4477 | D:4      | Gained mutation: You regenerate a little health from kills.
                  | [demonic ancestry]
  4477 | D:4      | Reached XP level 8. HP: 61/61 MP: 8/8
  4499 | D:4      | Noticed Natasha
  4514 | D:4      | Killed Natasha
  4728 | D:4      | Reached skill level 5 in Shields
  4753 | D:4      | Noticed Natasha
  4761 | D:4      | Killed Natasha
  4863 | D:5      | Entered Level 5 of the Dungeon
  5253 | D:5      | Reached skill level 5 in Fighting
  5253 | D:5      | Reached skill level 5 in Armour
  5487 | D:5      | Found an opulent altar of Gozag.
  5716 | D:6      | Noticed Blork the orc
  5723 | D:6      | Killed Blork the orc
  5852 | D:6      | Reached XP level 9. HP: 68/68 MP: 9/9
  5938 | D:6      | Got a twisted dagger
  5939 | D:6      | Identified the +6 dagger "Pifur" {elec, rPois Str-3 Dex+4}
                  | (You found it on level 6 of the Dungeon)
  5965 | D:6      | Found Xogoeg's General Store.
  5968 | D:6      | Bought a scroll of identify for 26 gold pieces
  6425 | D:7      | Reached skill level 1 in Stealth
  6550 | D:7      | Found a radiant altar of Vehumet.
  6572 | D:7      | Noticed Duvessa
  6573 | D:7      | Noticed Dowan
  6588 | D:7      | Killed Duvessa
  6588 | D:7      | Reached skill level 1 in Short Blades
  6591 | D:7      | Killed Dowan
  6591 | D:7      | Reached skill level 6 in Shields
  6742 | D:7      | Found a deep blue altar of Sif Muna.
  6991 | D:7      | Noticed Harold
  7004 | D:7      | Killed Harold
  7018 | D:7      | Found a basalt altar of Yredelemnul.
  7194 | D:7      | Found a staircase to the Ecumenical Temple.
  7385 | Temple   | Entered the Ecumenical Temple
  7439 | Temple   | Became a worshipper of Warmaster Okawaru
  7616 | D:7      | Gained mutation: You regenerate magic rapidly. [demonic
                  | ancestry]
  7616 | D:7      | Reached XP level 10. HP: 76/76 MP: 10/10
  7864 | D:8      | Found a runed gate.
  7864 | D:8      | Found a runed gate.
  7864 | D:8      | Found a runed gate.
  7864 | D:8      | Noticed a yaktaur captain
  7864 | D:8      | Noticed MisterFreud's ghost (novice NaFE)
  8340 | D:8      | Reached skill level 7 in Shields
  8410 | D:8      | Reached * piety under Okawaru
  8635 | D:8      | Found a staircase to the Lair.
  9028 | D:9      | Reached skill level 5 in Short Blades
  9126 | D:9      | Reached ** piety under Okawaru
  9138 | D:9      | Reached skill level 8 in Shields
  9329 | D:9      | Reached XP level 11. HP: 58/83 MP: 11/11
  9467 | D:9      | Found a roughly hewn altar of Beogh.
  9554 | D:10     | Entered Level 10 of the Dungeon
  9646 | D:10     | Reached *** piety under Okawaru
  9791 | D:10     | Noticed a two-headed ogre
  9805 | D:10     | Killed a two-headed ogre
 10295 | D:11     | Reached **** piety under Okawaru
 10295 | D:11     | Reached skill level 9 in Shields
 10341 | D:11     | Found a blossoming altar of Fedhas.
 10341 | D:11     | Noticed an orc knight
 10356 | D:11     | Killed an orc knight
 10495 | D:11     | Found an opulent altar of Gozag.
 10495 | D:11     | Noticed a centaur warrior
 10507 | D:11     | Killed a centaur warrior
 10591 | D:11     | Noticed a green ugly thing
 10608 | D:11     | Killed a green ugly thing
 10637 | D:11     | Killed an unseen horror
 10637 | D:11     | Reached ***** piety under Okawaru
 10911 | D:11     | Killed an unseen horror
 11073 | Lair:1   | Entered Level 1 of the Lair of Beasts
 11077 | Lair:1   | Received a gift from Okawaru
 11078 | Lair:1   | Found a hazy altar of Hepliaklqana.
 11086 | Lair:1   | Noticed a four-headed hydra
 11111 | Lair:1   | Killed a four-headed hydra
 11141 | Lair:1   | Gained mutation: You have very sharp fingernails. [demonic
                  | ancestry]
 11141 | Lair:1   | Reached XP level 12. HP: 26/91 MP: 11/12
 11143 | Lair:1   | Reached skill level 10 in Shields
 12002 | Lair:2   | Received a gift from Okawaru
 12417 | Lair:2   | Got a transparent buckler
 12428 | Lair:2   | Identified the cursed +0 buckler of Decompression {Str+9}
                  | (You found it on level 2 of the Lair of Beasts)
 12846 | Lair:2   | Found a staircase to the Shoals.
 13141 | Lair:3   | Reached skill level 11 in Shields
 13205 | Lair:3   | Reached skill level 10 in Armour
 13351 | Lair:3   | Found a hole to the Spider Nest.
 13720 | Lair:3   | Reached XP level 13. HP: 99/99 MP: 13/13
 13751 | Lair:3   | Noticed Gastronok
 13771 | Lair:3   | Killed Gastronok
 14157 | Lair:4   | Received a gift from Okawaru
 15482 | Lair:2   | Got a transparent chain mail
 15493 | Lair:2   | Identified the +6 chain mail of Good Intentions {-Tele
                  | Int+4 Stlth+} (You found it on level 2 of the Lair of
                  | Beasts)
 15838 | Lair:5   | Noticed Sonja
 15861 | Lair:5   | Killed Sonja
 15861 | Lair:5   | Reached skill level 12 in Shields
 16233 | Lair:5   | Reached ****** piety under Okawaru
 16889 | Lair:5   | Found a viscous altar of Jiyva.
 16890 | Lair:5   | Found a staircase to the Slime Pits.
 17091 | Lair:6   | Entered Level 6 of the Lair of Beasts
 17248 | Lair:6   | Received a gift from Okawaru
 17997 | Lair:6   | Reached skill level 5 in Dodging
 18115 | Lair:6   | Reached skill level 10 in Short Blades
 18624 | Lair:6   | Gained mutation: You are mostly covered in thin metallic
                  | scales. (AC +3) [demonic ancestry]
 18624 | Lair:6   | Reached XP level 14. HP: 96/109 MP: 14/14
 18678 | Lair:6   | Noticed Rupert
 18947 | Lair:6   | Paralysed by Rupert for 2 turns
 18975 | Lair:6   | Killed Rupert
 18975 | Lair:6   | Received a gift from Okawaru
 18975 | Lair:6   | Reached skill level 10 in Fighting
 18975 | Lair:6   | Reached skill level 1 in Invocations
 20274 | D:12     | Found a staircase to the Orcish Mines.
 20286 | Orc:1    | Entered Level 1 of the Orcish Mines
 20679 | Orc:2    | Entered Level 2 of the Orcish Mines
 20759 | Orc:2    | Found a burning altar of Makhleb.
 20802 | Orc:2    | Found a staircase to the Elven Halls.
 20847 | Orc:1    | Found a roughly hewn altar of Beogh.
 21137 | Orc:2    | Found Loc Kak's Food Shoppe.
 21182 | Orc:2    | Reached skill level 13 in Shields
 21209 | Orc:2    | HP: 5/111 [smoke demon/divine providence[an orc high
                  | priest] (11)]
 21845 | Orc:2    | Found Qeomon's Food Shoppe.
 21890 | Orc:2    | Found Koyboexe's General Store.
 21900 | Orc:2    | Found Bitsogeo's Assorted Antiques.
 21981 | Orc:2    | Bought a scroll of magic mapping for 49 gold pieces
 21981 | Orc:2    | Bought a scroll of teleportation for 42 gold pieces
 22234 | D:12     | Found a burning altar of Makhleb.
 22417 | D:12     | Received a gift from Okawaru
 24346 | D:14     | Reached XP level 15. HP: 111/117 MP: 16/16
 24695 | D:14     | Received a gift from Okawaru
 24698 | D:14     | Got a dazzling rapier {god gift}
 24699 | D:14     | Identified the +1 rapier of Destruction {freeze, +Fly rC+
                  | Int+3} (Okawaru gifted it to you on level 14 of the
                  | Dungeon)
 24980 | D:14     | Reached skill level 14 in Shields
 25084 | D:14     | Found a gate to the Vaults.
 25436 | D:15     | Entered Level 15 of the Dungeon
 25708 | D:15     | Noticed Agnes
 25731 | D:15     | Killed Agnes
 26160 | D:15     | Received a gift from Okawaru
 26223 | D:15     | Found a staircase to the Depths.
 26441 | D:15     | Found Guh Beoli's Antique Armour Shoppe.
 26571 | Depths:1 | Entered Level 1 of the Depths
 26572 | Depths:1 | Noticed a tengu reaver
 26602 | Depths:1 | Killed a tengu reaver
 26611 | Depths:1 | Noticed a fire giant
 27075 | D:15     | Killed a fire giant
 27891 | Depths:1 | Paralysed by a great orb of eyes for 4 turns
 27893 | Depths:1 | Slain by a white very ugly thing

Vault maps used:
D:1:      dpeg_arrival_circle_labyrinth_c, st_stairs_4
D:2:      first_ration, dk_yredelemnul_ordeal
D:3:      chequers_ecumenical_altar_simple, portal_sewer_entry_b,
          kennysheep_generic_room_6
D:4:      uniq_grinder, uniq_natasha, uniq_sigmund
D:5:      basic_altar
D:6:      serial_shops, kennysheep_mini, uniq_blork_the_orc
D:7:      lemuel_blue_sif_altar, kennysheep_mini_moat,
          minmay_temple_entry_fiery, basic_altar, uniq_duvessa, uniq_harold
D:8:      due_lair_maze_entry_diamond, gammafunk_ghost_split, the_bakery,
          grunt_ministairs_8
D:9:      special_room
D:11:     st_stairs_11, hangedman_feature_mirror, glass_columns_a,
          grunt_ministairs_13, lemuel_another_geyser
D:12:     david_orc_4, lemuel_statue_altar
D:13:     lemuel_nasty_fountain
D:14:     hangedman_vaults_entry_quadrant_bands, moated_statue
D:15:     grunt_enter_depths_magical_seal, serial_shops,
          nicolae_shop_behind_doors, grunt_ministairs_7, uniq_agnes
Temple:   regret_index_temple_chain_breaker
Lair:1:   basic_altar, grunt_megastairs_1
Lair:2:   minmay_shoals_entry_centaurs, grunt_forest_small_clearings,
          wad_woods_06, minmay_lindwurm_lava
Lair:3:   spider_nest_entry_rubble, grunt_forest_large_clearings, uniq_gastronok
Lair:4:   serial_bayou_shore_b, grunt_megastairs_2, serial_bayou_shore_b
Lair:5:   dpeg_oklob_gauntlet, dpeg_slime_entry_enclosed_altar, minivault_19,
          lemuel_fruit_tree, uniq_sonja
Lair:6:   minmay_lair_end_enchanted_forest, serial_bayou_lagoon_b, uniq_rupert
Orc:1:    basic_altar
Orc:2:    st_orc_elflike, basic_altar
Depths:1: minmay_misc_feat_ornament, grunt_hell_horde, pan_entry,
          serial_bayou_pond_e, nicolae_wwwww, minmay_misc_feat_diagonals,
          nicolae_transmutations_shop
Sewer:    sewer_co_15_rooms

Skill      XL: |  1  2  3  4  5  6  7  8  9 10 11 12 13 14 15 |
---------------+----------------------------------------------+-----
Armour         | 3 4 5 6 7 9 10 11 12 13 | 13.0
Axes           | 2 3 5 6 |  6.9
Shields        | 3 4 5 6 8 9 11 12 13 14 | 14.5
Dodging        | 1 2 3 4 5 |  5.9
Fighting       | 4 5 6 7 8 9 10 11 | 11.7
Stealth        | 1 |  1.5
Short Blades   | 3 5 7 8 10 11 | 11.1
Invocations    | 2 4 |  4.3

Action                   |  1- 3 |  4- 6 |  7- 9 | 10-12 | 13-15 || total
-------------------------+-------+-------+-------+-------+-------++-------
Melee: War axe           |   150 |    49 |       |       |       ||   199
       Hand axe          |       |   253 |   366 |       |       ||   619
       Dagger            |       |       |   151 |  1232 |  2536 ||  3919
Invok: Heroism           |       |       |       |     1 |    18 ||    19
       Finesse           |       |       |       |       |     7 ||     7
  Use: Scroll            |       |     4 |     2 |     7 |    15 ||    28
       Potion            |       |     5 |     1 |     2 |     4 ||    12
  Eat: Chunk             |     1 |     5 |    13 |    27 |    48 ||    94
       Ration            |       |     1 |       |       |       ||     1
Armor: Scale mail        |   111 |   135 |   186 |     1 |       ||   433
       Plate armour      |       |       |       |   715 |  1214 ||  1929
       Chain mail        |       |       |       |       |     5 ||     5
Dodge: Dodged            |    68 |    69 |   148 |   314 |   827 ||  1426
Block: Shield            |   107 |   122 |   229 |   567 |       ||  1025
       Buckler           |       |       |       |    78 |   809 ||   887

Table legend:
 A = Non-vault XP
 B = Vault XP
 C = Vault XP percentage of total XP
 D = Non-vault monster count
 E = Vault monster count
 F = Vault count percentage of total count
                 A         B        C        D         E       F
            +---------+---------+-------+---------+---------+-------
      Total |   88822 |   52197 |  37.0 |     566 |     237 |  29.5
            +---------+---------+-------+---------+---------+-------
        D:1 |      99 |       3 |   2.9 |      22 |       2 |   8.3
        D:2 |     258 |       1 |   0.4 |      22 |       1 |   4.3
        D:3 |     145 |      13 |   8.2 |      26 |       8 |  23.5
        D:4 |     372 |     548 |  59.6 |      15 |       3 |  16.7
        D:5 |     635 |       0 |   0.0 |      24 |       0 |   0.0
        D:6 |     740 |      90 |  10.8 |      16 |       1 |   5.9
        D:7 |    1206 |    1207 |  50.0 |      23 |       3 |  11.5
        D:8 |    1649 |    1306 |  44.2 |      31 |      10 |  24.4
        D:9 |    2690 |     216 |   7.4 |      34 |      15 |  30.6
       D:10 |    2546 |       0 |   0.0 |      18 |       0 |   0.0
       D:11 |    2449 |    3013 |  55.2 |      19 |       8 |  29.6
       D:12 |    7675 |     718 |   8.6 |      38 |      16 |  29.6
       D:13 |    9911 |       0 |   0.0 |      33 |       0 |   0.0
       D:14 |    9497 |    6912 |  42.1 |      35 |      18 |  34.0
       D:15 |   15228 |    7423 |  32.8 |      52 |      12 |  18.8
     Lair:1 |    3463 |     418 |  10.8 |      16 |       1 |   5.9
     Lair:2 |    4456 |    3639 |  45.0 |      21 |      11 |  34.4
     Lair:3 |    3715 |    5988 |  61.7 |      15 |      32 |  68.1
     Lair:4 |    4337 |     443 |   9.3 |      19 |       3 |  13.6
     Lair:5 |    7165 |     814 |  10.2 |      24 |       1 |   4.0
     Lair:6 |    4032 |   10733 |  72.7 |      18 |      46 |  71.9
      Orc:1 |    1203 |       0 |   0.0 |      20 |       0 |   0.0
      Orc:2 |    1332 |    8472 |  86.4 |      22 |      25 |  53.2
   Depths:1 |    4019 |       0 |   0.0 |       3 |       0 |   0.0
      Sewer |       0 |     240 | 100.0 |       0 |      21 | 100.0
            +---------+---------+-------+---------+---------+-------
